 Dungeon Crawl Stone Soup version 0.18-a0-1497-g788d838 (webtiles) character file.

243 Karasique the Archer (level 5, -1/34 HPs)
             Began as a High Elf Hunter on Mar 4, 2016.
             Slain by a gnoll
             ... wielding a cursed +0 spear
              (4 damage)
             ... on level 3 of the Dungeon.
             The game lasted 00:05:29 (4736 turns).

Karasique the Archer (High Elf Hunter)              Turns: 4736, Time: 00:05:29

Health: -1/34      AC:  5    Str: 11    XL:     5   Next: 82%
Magic:  6/6        EV: 11    Int: 15    God:
Gold:   130        SH:  0    Dex: 16    Spells: 0 memorised, 4 levels left

rFire  . . .     SeeInvis .     q - +0 short sword
rCold  . . .     Gourm    .     k - +0 ring mail
rNeg   . . .     Faith    .     (no shield)
rPois  .         Spirit   .     (no helmet)
rElec  .         Dismiss  .     (no cloak)
rCorr  .         Reflect  .     (no gloves)
SustAt .         Harm     .     (no boots)
MR     .....                    (no amulet)
Stlth  +.........               (no ring)
                                (no ring)

@: not resistant to hostile enchantments, very unstealthy
A: no striking features
a: no special abilities


You were on level 3 of the Dungeon.
You were near starving.

You visited 1 branch of the dungeon, and saw 4 of its levels.

You collected 130 gold pieces.

Inventory:

Hand Weapons
 q - a +0 short sword (weapon)
 w - a +1 shortbow
Missiles
 d - 34 arrows
Armour
 k - a +0 ring mail (worn)
Wands
 i - a wand of confusion (26/48)
Scrolls
 b - 2 scrolls of blinking {unknown}
 c - a scroll of teleportation {unknown}
 e - 2 scrolls of identify {unknown}
 h - a scroll of remove curse {unknown}
Potions
 a - a potion of ambrosia {unknown}
 g - a potion of invisibility {unknown}
 j - a potion of curing {unknown}
 m - a potion of degeneration {unknown}
Comestibles
 f - 4 bread rations
 l - a meat ration


   Skills:
 - Level 2.0 Fighting
 + Level 9.4 Bows
 - Level 2.1 Dodging
 - Level 1.1 Stealth


You had 4 spell levels left.
You didn't know any spells.

Dungeon Overview and Level Annotations

Branches:
Dungeon (4/15)
 Temple: D:4-7

Altars:
Ashenzari


Message History

You hit the gnoll.
The gnoll is heavily wounded.
The gnoll closely misses you.
You closely miss the gnoll.
The gnoll is heavily wounded.
You are near starving!
The gnoll barely misses you.
You hit the gnoll.
The gnoll is severely wounded.
The gnoll hits you with a spear.
You hit the gnoll but do no damage.
The gnoll is severely wounded.
The gnoll closely misses you.
You hit the gnoll but do no damage.
The gnoll is severely wounded.
The gnoll barely misses you.
You hit the gnoll.
The gnoll is severely wounded.
The gnoll hits you with a spear.
You die...

#.........# #.........#
#....8....# #...8.8...#
#..8._.8..######
##..8.8........#
#...8.........#
#.............#
####...@......#
#####....g.....#
########(.[().........#
##........###..........#
#..######## #..........#
..## #..........# .##
######..........# .#
#....##.######### ##
#....#..#


You could see a gnoll.

Vanquished Creatures
  A hound (D:3)
  An orc priest (D:3)
  Natasha (twice) (D:3)
  4 adders
  2 worms (D:3)
  2 dart slugs
  5 giant geckos
  3 orcs
  A ball python (D:3)
  3 giant cockroaches
  6 goblins
  11 hobgoblins
  12 jackals
  A quokka (D:2)
  3 bats
  9 giant newts
  8 kobolds
  6 rats
80 creatures vanquished.

Notes
Turn   | Place    | Note
--------------------------------------------------------------
     0 | D:1      | Karasique the High Elf Hunter began the quest for the Orb.
     0 | D:1      | Reached XP level 1. HP: 14/14 MP: 2/2
   413 | D:1      | Reached XP level 2. HP: 19/19 MP: 3/3
   439 | D:1      | Reached skill level 6 in Bows
   909 | D:1      | Reached XP level 3. HP: 11/24 MP: 4/4
  1985 | D:2      | Reached skill level 7 in Bows
  2741 | D:2      | Reached XP level 4. HP: 25/29 MP: 5/5
  3078 | D:3      | Found a faded altar to an unknown god.
  3126 | D:3      | Found a shattered altar of Ashenzari.
  3502 | D:2      | Reached skill level 8 in Bows
  3967 | D:3      | Noticed Natasha
  3975 | D:3      | Killed Natasha
  3975 | D:3      | Reached XP level 5. HP: 19/34 MP: 6/6
  4128 | D:3      | Noticed Natasha
  4134 | D:3      | Killed Natasha
  4307 | D:3      | Reached skill level 9 in Bows
  4736 | D:3      | Slain by a gnoll

Vault maps used:
D:1:      dpeg_arrival_arbitrary_a, hangedman_decor_points, minmay_lizard_king
D:2:      first_bread
D:3:      evilmike_ruin_ashenzari, ecumenical_altar_2, uniq_natasha
D:4:      lemuel_castle_with_subvaults, overflow_temple_1_default,
          old_standard_altar, lemuel_doored_altar, fedhas_altar_3

Skill      XL: |  1  2  3  4  5 |
---------------+----------------+-----
Bows           | 6 7 8 9 |  9.4
Fighting       | |  2.0
Dodging        | |  2.1
Stealth        | |  1.1

Action                   |  1- 3 |  4- 6 || total
-------------------------+-------+-------++-------
Melee: Short sword       |   216 |   167 ||   383
 Fire: Shortbow          |     6 |    16 ||    22
 Stab: Sleeping          |     1 |     2 ||     3
  Eat: Chunk             |     6 |     5 ||    11
